 Dungeon Crawl Stone Soup version 0.31-a0-188-g5e087ee2ca (webtiles) character file.

Game seed: 11998437148164039676

46 qw the Shooter (level 3, -5/20 HPs)
             Began as a Deep Elf Hunter on June 23, 2023.
             Killed by nerve-wracking pain
             ... invoked by Grinder
              (12 damage)
             ... on level 2 of the Dungeon.
             The game lasted 00:00:30 (1672 turns).

qw the Shooter (Deep Elf Hunter)                    Turns: 1672, Time: 00:00:31

Health: -5/20      AC:  6    Str: 16    XL:     3   Next: 46%
Magic:  5/5        EV: 11    Int: 13    God:
Gold:   108        SH:  5    Dex: 18    Spells: 2/2 levels left

rFire   . . .        Y - +0 shortbow
rCold   . . .        (shield currently unavailable)
rNeg    . . .        i - +0 ring mail
rPois   .            (no helmet)
rElec   .            (no cloak)
rCorr   +            (no gloves)
SInv    .            b - +0 pair of boots
Will    .....        e - amulet of reflection
Stlth   +            k - ring of resist corrosion
HPRegen 0.23/turn    j - +6 ring of strength
MPRegen 0.09/turn

%: reflection
@: no status effects
A: no striking features
a: no special abilities


You were on level 2 of the Dungeon.
You visited 1 branch of the dungeon, and saw 3 of its levels.

You collected 108 gold pieces.


   Skills:
 - Level 1.5 Fighting
 + Level 7.0 Ranged Weapons
 - Level 2.4 Dodging
 - Level 1.2 Stealth


You had 2 spell levels left.
You didn't know any spells.
Your spell library was empty.

Inventory:

Hand Weapons
 Y - a +0 shortbow (weapon)
Armour
 b - a +0 pair of boots (worn)
 i - a +0 ring mail (worn)
Jewellery
 e - an amulet of reflection (around neck)
 j - a +6 ring of strength (right hand)
 k - a ring of resist corrosion (left hand)
Scrolls
 f - a scroll of identify
Potions
 a - a potion of curing {unknown}
 d - a potion of berserk rage {unknown}
 g - a potion of lignification {unknown}

Dungeon Overview and Level Annotations

Branches:
Dungeon (3/15)

Altars:

Shops:
D:1 *   D:2 =

Annotations:
D:2 Grinder


Message History

Grinder hits you but does no damage.
You shoot an arrow.
The arrow hits Grinder but does no damage.
Grinder is heavily wounded.
Grinder closely misses you.
You shoot an arrow. The arrow closely misses Grinder.
Grinder hits you but does no damage.
You shoot an arrow. The arrow hits Grinder!
Grinder is severely wounded.
Grinder says, "You look like you could use a good racking."
Grinder hits you.
1665 ||| STAIRDANCE Grinder closely misses you.
You climb upwards.
There is a stone staircase leading down here.
Enter note:
Enter note:
Enter note:
Enter note:
Enter note:
Enter note: You shoot an arrow.
The arrow hits Grinder.
Grinder is severely wounded.
Grinder barely misses you.
You shoot an arrow. The arrow closely misses Grinder.
Grinder gestures at you.
You suddenly lose the ability to move!
Grinder gestures at you. You resist with significant effort.
Grinder hits you but does no damage.
Grinder grins, showing sharp teeth.
Grinder hits you.
You writhe in agony.
You can move again.
You shoot an arrow. The arrow barely misses Grinder.
Grinder gestures at you. Pain shoots through your body!
Grinder gestures at you. Pain shoots through your body!
Ouch! That really hurt!
You die...

############
############
############
####.......###
##.............
###..##.......###
##...###.....(.###
#..#####....<..###
#@5...............
##########.##.....
####.##.....
####.##.....
####.##.....
####.##.....
####..#.....
##.#..... #.....[.


You could see Grinder.

Vanquished Creatures
  2 adders
  A dart slug (D:1)
  4 bats
  3 endoplasms (D:2)
  2 giant cockroaches
  A goblin (D:2)
  A quokka (D:1)
  3 ball pythons
  3 frilled lizards
  3 kobolds
  4 rats
27 creatures vanquished.

Notes
Turn   | Place    | Note
-------+----------+-------------------------------------------
     0 | D:1      | qw the Deep Elf Hunter began the quest for the Orb.
     0 | D:1      | Reached XP level 1. HP: 12/12 MP: 3/3
     0 | D:1      | 0 ||| qw: Version: 0.3-a-9-g12657ce
     0 | D:1      | 0 ||| qw: Game counter: 3453
     0 | D:1      | 0 ||| qw: Always use a shield: true
     0 | D:1      | 0 ||| qw: God list: Okawaru
     0 | D:1      | 0 ||| qw: Allow faded altars: false
     0 | D:1      | 0 ||| qw: Do Orc after D:15 true
     0 | D:1      | 0 ||| qw: Do second Lair branch before Depths: true
     0 | D:1      | 0 ||| qw: Lair rune preference: random
     0 | D:1      | 0 ||| qw: Plans: Normal
     0 | D:1      | 0 ||| PLANNING D:1-11
   220 | D:1      | Found Zotaseem's Assorted Antiques.
   230 | D:1      | 230 ||| SHOPLISTING fizzy cyan potion (19 gold, have 16).
   230 | D:1      | 230 ||| SHOPLISTING glowing scarf (176 gold, have 16).
   230 | D:1      | 230 ||| SHOPLISTING ivory wand (88 gold, have 16).
   230 | D:1      | 230 ||| SHOPLISTING scroll labelled PUAWAUMIBB (22 gold,
                  | have 16).
   230 | D:1      | 230 ||| SHOPLISTING tubular cabochon ring (110 gold, have
                  | 16).
   356 | D:1      | Reached XP level 2. HP: 16/16 MP: 4/4
   371 | D:1      | Reached skill level 6 in Ranged Weapons
   573 | D:1      | 573 ||| Stepping ~*~*~tactically~*~*~ (water).
  1042 | D:1      | 1042 ||| UPGRADING to +0 ring mail.
  1052 | D:1      | 1052 ||| DROPPING +0 leather armour.
  1053 | D:1      | 1053 ||| DROPPING scarf of invisibility.
  1054 | D:1      | 1054 ||| UPGRADING to ring of resist corrosion.
  1055 | D:1      | 1055 ||| READING 2 scrolls labelled KEGRAB PITUU.
  1056 | D:1      | 1056 ||| READING scroll labelled DAAQOA NUSHRIRI.
  1057 | D:1      | 1057 ||| READING scroll labelled PUAWAUMIBB.
  1058 | D:1      | 1058 ||| READING scroll labelled EKKELL WUCWE.
  1059 | D:1      | 1059 ||| READING scroll labelled ZIHOEMU MILLO.
  1060 | D:1      | 1060 ||| READING scroll labelled RECO JIUSOFA.
  1061 | D:1      | 1061 ||| READING scroll labelled DIF FIXKOXTURCHAR.
  1062 | D:1      | 1062 ||| DROPPING scroll of noise.
  1063 | D:1      | 1063 ||| DROPPING scroll of butterflies.
  1324 | D:2      | Reached XP level 3. HP: 20/20 MP: 5/5
  1455 | D:2      | Found Qaixaj's Jewellery Emporium.
  1463 | D:2      | 1463 ||| SHOPLISTING +4 ring of protection (396 gold, have
                  | 108).
  1463 | D:2      | 1463 ||| SHOPLISTING amulet of faith (440 gold, have 108).
  1625 | D:2      | 1625 ||| UPGRADING to +0 pair of boots.
  1630 | D:2      | 1630 ||| UPGRADING to amulet of reflection.
  1635 | D:2      | 1635 ||| UPGRADING to +6 ring of strength.
  1636 | D:2      | 1636 ||| READING scroll labelled UNOEPLU UNEKK.
  1639 | D:2      | 1639 ||| READING scroll labelled HYANOLA MYNLAO.
  1653 | D:3      | Noticed Grinder
  1656 | D:3      | Reached skill level 7 in Ranged Weapons
  1659 | D:3      | Paralysed by Grinder for 2 turns
  1665 | D:3      | 1665 ||| STAIRDANCE
  1668 | D:2      | Paralysed by Grinder for 4 turns
  1672 | D:2      | Killed from afar by Grinder

Levels and vault maps discovered:
D:1:      lightli_iron_boxes, layout_basic, serial_shops,
          nicolae_shop_tiny_glass, serial_bayou, serial_bayou_shore_b,
          serial_bayou_pond_a, serial_bayou_pond_d, serial_bayou_crossing
D:2:      layout_basic, serial_shops, shop
D:3:      minmay_spotlight, layout_loops_ring,
          chequers_temple_overflow_statue_of_worship, lemuel_doored_altar,
          gammafunk_ghost_necromancy, serial_shops, nicolae_square_shop,
          minmay_ogre_servants, uniq_crazy_yiuf_cottage, uniq_robin,
          uniq_grinder

Skill      XL: |  1  2  3 |
---------------+----------+-----
Ranged Weapons | 6 7 |  7.0
Fighting       | |  1.5
Dodging        | |  2.4
Stealth        | |  1.2

Action                     || total
---------------------------++-------
   Fire: Shortbow          ||    81
    Use: Scroll            ||     9
 Armour: Leather armour    ||     4
         Ring mail         ||     8
  Dodge: Dodged            ||    18

Table legend:
 A = Non-vault XP
 B = Vault XP
 C = Vault XP percentage of total XP
 D = Non-vault monster count
 E = Vault monster count
 F = Vault count percentage of total count
                 A         B        C        D         E       F
            +---------+---------+-------+---------+---------+-------
      Total |      67 |       0 |   0.0 |      27 |       0 |   0.0
            +---------+---------+-------+---------+---------+-------
        D:1 |      23 |       0 |   0.0 |      14 |       0 |   0.0
        D:2 |      31 |       0 |   0.0 |      12 |       0 |   0.0
        D:3 |      13 |       0 |   0.0 |       1 |       0 |   0.0
            +---------+---------+-------+---------+---------+-------
